 Dungeon Crawl Stone Soup version 0.31-a0-848-gaac375c287 (webtiles) character file.

Game seed: 12640292467022477732

190 LeprechaunX the Changeling (level 5, 0/35 HPs)
             Began as an Octopode Shapeshifter on Oct 4, 2023.
             Splashed by a jelly's acid (2 damage)
             ... on level 4 of the Dungeon.
             The game lasted 00:02:17 (2219 turns).

LeprechaunX the Changeling (Octopode Shapeshifter)  Turns: 2219, Time: 00:02:17

Health: 0/35       AC: -3    Str: 15    XL:     5   Next: 69%
Magic:  5/5        EV: 13    Int: 12    God:
Gold:   188        SH:  0    Dex: 12    Spells: 4/4 levels left

rFire   . .          .
                       - Unarmed
rCold   . . .        (no shield)
rNeg    . . .        (helmet currently unavailable)
rPois   .            (no amulet)
rElec   .            (no ring)
rCorr   .            (no ring)
SInv    .            (no ring)
Will    .....        (no ring)
Stlth   ++           (no ring)
HPRegen 0.25/turn    (no ring)
MPRegen 0.09/turn    (no ring)
                     (no ring)

%: no passive effects
@: beast-form, corroded
A: beast (slay +2), almost no armour, amphibious, 8 rings, camouflage 1,
gelatinous body 1, (nimble swimmer 1), tentacles
a: Begin Untransformation


You were on level 4 of the Dungeon.
You were a hulking beast.
You visited 1 branch of the dungeon, and saw 4 of its levels.

You collected 188 gold pieces.

Inventory:

Missiles
 q - a throwing net
 w - 2 silver javelins
 y - 5 boomerangs
Armour
 x - an orb of mayhem
Talismans
 b - a beast talisman (active)
 c - a flux talisman
 k - a maw talisman
Scrolls
 e - 3 scrolls of identify {unknown}
 h - 2 scrolls of teleportation {unknown}
 j - 2 scrolls of revelation {unknown}
 m - a scroll of blinking {unknown}
 n - 2 scrolls of fear {unknown}
 s - a scroll of fog {unknown}
Potions
 a - a potion of lignification
 d - a potion of cancellation {unknown}
 f - a potion of berserk rage {unknown}
 g - a potion of might {unknown}
 i - 2 potions of curing
 l - a potion of invisibility {unknown}
 o - a potion of enlightenment {unknown}
 p - 2 potions of attraction {unknown}
 r - a potion of brilliance {unknown}
 t - 2 potions of mutation {unknown}
 u - 4 potions of heal wounds {unknown}
 v - a potion of magic {unknown}


   Skills:
 + Level 2.4 Fighting
 + Level 3.0 Dodging
 + Level 3.8 Unarmed Combat
 * Level 4.3 Shapeshifting


You had 4 spell levels left.
You didn't know any spells.
Your spell library contained the following spells:

 Spells                   Type           Power      Damage    Failure   Level
 Scorch                   Fire           0%         2d5       45%         2
 Wereblood                Tmut           0%         N/A       45%         2
 Volatile Blastmotes      Fire/Tloc      0%         2d10      69%         3
 Sticky Flame             Conj/Fire      0%         2d3       97%         4
 Irradiate                Conj/Tmut      0%         3d11      100%        5
 Fire Storm               Conj/Fire      0%         5d1       100%        9


Dungeon Overview and Level Annotations

Branches:
Dungeon (4/15)
 Temple: D:4-7

Altars:
Sif Muna
Trog
Vehumet
Yredelemnul


Innate Abilities, Weirdness & Mutations

You are a hulking beast.
Your limbs bulge with bestial killing power. (Slay +2)
You cannot wear most types of armour.
You are amphibious.
You can wear up to eight rings at the same time.
Your skin changes colour to match your surroundings (Stealth+).
Your rubbery body absorbs attacks. (AC +1, EV +1)
((You are camouflaged when in or above water. (Stealth+)))
You have tentacles for arms and can constrict up to eight enemies at once.


Message History

You open the door.
There is an open door here.
There is an open door here.
You see here a +0 ring mail.
As you open the door, it creaks loudly!
There is an open door here.
You open the door.
An orc wizard and a jelly come into view.
The orc wizard is wielding a +0 dagger and wearing a +2 robe of resistance.
Found a book of Spectacle.
There are monsters nearby!
There are monsters nearby! 3 orcs come into view.
The orc wizard shouts!
The jelly quivers.
There is an open door here.
The orc wizard hits you with a +0 dagger.
The orc shouts! x2
You tentacle-slap the orc wizard. Your grab misses the orc wizard.
The orc wizard is moderately wounded.
The orc wizard hits you with a +0 dagger.
The jelly hits you.
You are splashed with acid.
You tentacle-slap the orc wizard. Your grab misses the orc wizard.
You squeeze the orc wizard.
You kill the orc wizard!
The jelly hits you.
You are splashed with acid.
The orc hits you with a +0 short sword.
Your Dodging skill increases to level 3!
You are too injured to fight recklessly!
You are too injured to fight recklessly!
You are too injured to fight recklessly!
Unknown command.
The jelly hits you.
* * * LOW HITPOINT WARNING * * *
The acid corrodes you!
You are splashed with acid!
* * * LOW HITPOINT WARNING * * *
The orc attacks as it pursues you! The orc barely misses you.
There is an open door here.
You tentacle-slap the jelly.
Your tentacles burn!
You die...

######### ........#
.....:..# #.......oo#
#........o#
..######J#
##..####h####
#...........#
#...........#
#...........#
#..........##
#..........#
##########..........#
........##'#####+####
.#......##...###..


You could see a jelly and 3 orcs.

Vanquished Creatures
  A scorpion (D:4)
  An orc wizard (D:4)
  4 adders (D:2)
  A worm (D:2)
  A dart slug (D:4)
  3 orcs
  8 ball pythons
  4 endoplasms
  3 giant cockroaches
  6 goblins
  6 hobgoblins
  3 quokkas
  6 bats
  3 frilled lizards
  6 kobolds
  4 rats
60 creatures vanquished.

Notes
Turn   | Place    | Note
-------+----------+-------------------------------------------
     0 | D:1      | LeprechaunX the Octopode Shapeshifter began the quest for
                  | the Orb.
     0 | D:1      | Reached XP level 1. HP: 13/13 MP: 1/1
    39 | D:1      | Found a faded altar of an unknown god.
   120 | D:1      | Reached XP level 2. HP: 18/18 MP: 2/2
   230 | D:1      | You fall into a shaft and drop 1 floor!
   548 | D:2      | Reached XP level 3. HP: 14/23 MP: 3/3
   692 | D:2      | Found a radiant altar of Vehumet.
   899 | D:2      | Reached XP level 4. HP: 17/29 MP: 4/4
  1147 | D:3      | Found a bloodstained altar of Trog.
  1174 | D:3      | Found a shimmering blue altar of Sif Muna.
  1189 | D:3      | Got a sparkling book
  1532 | D:3      | Found a basalt altar of Yredelemnul.
  1698 | D:4      | Noticed a scorpion
  1707 | D:4      | Killed a scorpion
  1708 | D:4      | Reached skill level 4 in Shapeshifting
  1708 | D:4      | Reached XP level 5. HP: 3/34 MP: 5/5
  2219 | D:4      | Splashed by a jelly's acid

Illustrated notes

Levels and vault maps discovered:
D:1:      ebering_trefoil_twist, layout_rooms,
          hellmonk_ecumenical_altar_crossroads
D:2:      layout_rooms, basic_altar, chequers_serial_rivers_micro_c,
          minmay_quantized
D:3:      layout_rooms, mainiacjoe_overflow_chevrons, old_standard_altar,
          mainiacjoe_overflow_brackets
D:4:      layout_gridville

Skill      XL: |  1  2  3  4  5 |
---------------+----------------+-----
Fighting       | 2 |  2.4
Shapeshifting  | 4 |  4.3
Dodging        | 3 |  3.0
Unarmed Combat | |  3.8

Action                     |  1- 3 |  4- 6 || total
---------------------------+-------+-------++-------
  Melee: Unarmed           |    62 |    56 ||   118
         Tentacles         |    11 |    10 ||    21
         Constrict         |    12 |    17 ||    29
         Punch             |       |     1 ||     1
    Use: Potion            |       |     1 ||     1
   Stab: Sleeping          |     9 |     3 ||    12
 Armour: Skin              |    15 |    28 ||    43
  Dodge: Dodged            |    20 |    19 ||    39

Table legend: (Time is in decaauts)
 A = Elapsed time spent in this place.
 B = Non-inter-level travel time spent in this place.
 C = Inter-level travel time spent in this place.
 D = Time resting spent in this place.
 E = Time spent auto-exploring this place.
 F = Levels seen in this place.
 G = Mean time per level.
                   A        B        C        D        E       F      G
               +--------+--------+--------+--------+--------+-----+--------+
         Total |   2212 |   2144 |     68 |    100 |   1637 |   4 |  553.0 |
       Dungeon |   2212 |   2144 |     68 |    100 |   1637 |   4 |  553.0 |
               +--------+--------+--------+--------+--------+-----+--------+

Top non-repeatable levels by time:
     D:2: 646 daAuts
     D:3: 555 daAuts
     D:4: 519 daAuts
     D:1: 490 daAuts
